 Seeded DCSS version 0.30-a0-305-g026cb31310 (webtiles) character file.

Game seed: 11836800648259413034 (custom seed)

46569 Psyclone the Gelid (level 14, 94/94 HPs)
             Began as an Octopode Ice Elementalist on Oct 16, 2022.
             Was an Initiate of Gozag.
             Quit the game on level 5 of the Lair of Beasts on Oct 22, 2022.
             The game lasted 01:21:57 (20769 turns).

Psyclone the Gelid (Octopode Ice Elementalist)     Turns: 20769, Time: 01:21:58

Health: 94/94      AC:  6    Str:  3 (5)  XL:     14   Next: 38%
Magic:  41/41      EV: 25    Int: 32 (33) God:    Gozag
Gold:   1357       SH:  0    Dex: 17 (18) Spells: 24/41 levels left

rFire   . . .      SeeInvis .    b - +7 short sword (freeze)
rCold   + . .      Faith    .    (no shield)
rNeg    + . .      Spirit   .    d - +1 hat of a bailey {Dex+4}
rPois   .          Reflect  .    w - amulet of magic regeneration
rElec   +          Harm     .    k - +4 ring of protection
rCorr   .          Rampage  .    W - +6 ring of intelligence
Will    +++..                    x - +6 ring of intelligence
Stlth   +++.......               E - ring of protection from cold
HPRegen 0.35/turn                G - ring of flight
MPRegen 0.67/turn                F - ring of positive energy
                                 K - ring of the Voivode {rElec Will++ MP+9 EV+4 Stlth-}
                                 L - +4 ring of evasion

@: flying, studying Translocations
A: almost no armour, amphibious, 8 rings, camouflage 1, gelatinous body 1,
nimble swimmer 1, tentacles, weak 1, evolution 1, no potion heal 1
a: Renounce Religion, Potion Petition, Call Merchant, Bribe Branch


You were on level 5 of the Lair of Beasts.
You worshipped Gozag.
Gozag was most pleased with you.
You visited 2 branches of the dungeon, and saw 16 of its levels.
You also visited: Sewer and Bailey.

You collected 4926 gold pieces.
You spent 1141 gold pieces at shops.
You paid 2428 gold pieces to Gozag.

Inventory:

Hand Weapons
 b - a +7 short sword of freezing (weapon)
 i - a +1 dagger of speed
 n - a +3 dagger
 U - the +5 quarterstaff of the Eight Servitors {freeze, rElec rPois rF+}
   (You found it on level 3 of the Lair of Beasts)

   It freezes those it strikes, dealing additional cold damage.
   It can also slow down cold-blooded creatures.
   rF:        It protects you from fire.
   rElec:     It insulates you from electricity.
   rPois:     It protects you from poison.
Missiles
 C - 5 throwing nets {!f}
Armour
 d - the +1 hat of a bailey (worn) {Dex+4}
   (You acquired it on level 1 of the Dungeon)

   Dex:       It affects your dexterity (+4).
 g - a +0 buckler
Magical Staves
 a - a staff of cold
Jewellery
 k - a +4 ring of protection (left tentacle)
 p - a ring of resist corrosion
 v - an amulet of guardian spirit
 w - an amulet of magic regeneration (around mantle)
 x - a +6 ring of intelligence (on tentacle)
 E - a ring of protection from cold (on tentacle)
 F - a ring of positive energy (on tentacle)
 G - a ring of flight (on tentacle)
 K - the ring of the Voivode (on tentacle) {rElec Will++ MP+9 EV+4 Stlth-}
   (You bought it in a shop on level 8 of the Dungeon)

   [ring of evasion]

   EV:        It affects your evasion (+4).
   rElec:     It insulates you from electricity.
   MP:        It affects your magic capacity (+9).
   Will:      It greatly increases your willpower.
   Stlth:     It makes you less stealthy.
 L - a +4 ring of evasion (on tentacle)
 P - an amulet of regeneration
 V - a ring of poison resistance
 W - a +6 ring of intelligence (right tentacle)
Wands
 D - a wand of paralysis (19)
 H - a wand of flame (25)
 Q - a wand of polymorph (11)
Scrolls
 j - a scroll of fear
 l - 16 scrolls of teleportation
 o - a scroll of immolation
 u - 2 scrolls of vulnerability
 y - a scroll of noise
 z - 3 scrolls of blinking
 A - 3 scrolls of enchant armour
 J - a scroll of butterflies
 N - a scroll of silence {!r}
 O - a scroll of amnesia
 R - a scroll of summoning
 S - a scroll of poison
Potions
 c - 3 potions of brilliance
 e - 4 potions of magic
 f - 2 potions of flight
 h - 4 potions of curing
 m - 2 potions of might
 q - 2 potions of berserk rage
 r - 5 potions of haste
 s - 2 potions of lignification
 t - a potion of invisibility
 B - a potion of heal wounds


   Skills:
 - Level 8.0 Fighting
 - Level 8.0 Dodging
 - Level 3.2 Stealth
 + Level 14.2 Spellcasting
 + Level 15.1 Ice Magic
 - Level 8.0 Poison Magic


You had 24 spell levels left.
You knew the following spells:

 Your Spells              Type           Power      Damage    Failure   Level
a - Freeze                Ice            100%       1d10      0%          1
b - Frozen Ramparts       Ice            100%       1d16      0%          3
c - Ozocubu's Armour      Ice            88%        N/A       0%          3
d - Summon Ice Beast      Ice/Summ       63%        N/A       1%          4
v - Poisonous Vapours     Pois/Air       96%        N/A       1%          2
x - Olgreb's Toxic Radia  Pois           65%        N/A       1%          4

Your spell library contained the following spells:

 Spells                   Type           Power      Damage    Failure   Level
 Apportation              Tloc           44%        N/A       1%          1
 Necrotise                Necr           88%        1d8       1%          1
 Shock                    Conj/Air       88%        1d8       1%          1
 Sting                    Tmut/Pois      100%       1d8       1%          1
 Summon Small Mammal      Summ           88%        N/A       1%          1
 Static Discharge         Conj/Air       44%        2-4/arc   3%          2
 Sublimation of Blood     Necr           22%        N/A       3%          2
 Summon Guardian Golem    Hex/Summ       22%        N/A       6%          3
 Swiftness                Air            22%        N/A       6%          3
 Tukima's Dance           Hex            22%        N/A       6%          3
 Vhi's Electric Charge    Tloc/Air       44%        N/A       6%          3
 Airstrike                Air            11%        2d(2-18)  21%         4
 Cause Fear               Hex            11%        N/A       21%         4
 Passage of Golubria      Tloc           22%        N/A       21%         4
 Petrify                  Tmut/Erth      22%        N/A       21%         4
 Arcjolt                  Conj/Air       11%        1d21      50%         5
 Irradiate                Conj/Tmut      11%        3d15      50%         5
 Lightning Bolt           Conj/Air       11%        1d24      50%         5
 Summon Forest            Summ/Tloc      11%        N/A       50%         5
 Summon Mana Viper        Hex/Summ       22%        N/A       50%         5
 Yara's Violent Unravell  Hex/Tmut       11%        3d6       50%         5
 Eringya's Noxious Bog    Tmut/Pois      24%        N/A       52%         6
 Summon Cactus Giant      Summ           11%        N/A       97%         6
 Dragon Form              Tmut           11%        N/A       100%        7
 Orb of Destruction       Conj           11%        9d6       100%        7
 Spellforged Servitor     Conj/Summ      11%        N/A       100%        7
 Summon Hydra             Summ           11%        N/A       100%        7
 Dragon's Call            Summ           11%        N/A       100%        9


Dungeon Overview and Level Annotations

Branches:
Dungeon (11/15) Zot: 25695  Temple (0/1) D:6            Lair (5/5) D:9 Zot: 23823
 Shoals (0/4) Lair:2       Spider (0/4) Lair:2          Orc (0/2) D:10
  Sewer (visited)          Bailey (visited)
  Slime: Lair:4-5

Altars:
Dithmenos
Fedhas
Gozag
Hepliaklqana
Makhleb
Qazlal
Xom
Yredelemnul
Zin

Shops:
D:8 =   D:10 (   Lair:1 *   Lair:4 =


Innate Abilities, Weirdness & Mutations

You cannot wear most types of armour.
You are amphibious.
You can wear up to eight rings at the same time.
Your skin changes colour to match your surroundings (Stealth+).
Your rubbery body absorbs attacks. (AC +1, EV +1)
You are camouflaged when in or above water. (Stealth+)
You have tentacles for arms and can constrict up to eight enemies at once.
You are weak. (Str -2)
You have hidden genetic potential.
Potions are less effective at restoring your health.


Message History

The +1 hat of a bailey {Dex+4} melds into your body.
Your roots penetrate the ground.
Splash!
You fall into the shallow water.
Moving in this stuff is going to be slow.
You now have 85/141 hp.
You start resting.
Your transformation is almost over.
You feel less wooden.
The +1 hat of a bailey {Dex+4} unmelds from your body.
You now have 66/94 hp.
You start resting.
You hear a croak.
HP restored.
Health restored: 94 You start waiting.
Done waiting.
It was a potion of resistance.
You feel protected.
It was a potion of degeneration.
There was something very wrong with that liquid.
You feel weakened.
You feel dopey.
You feel clumsy.
It was a potion of ambrosia.
You are confused.
Your system partially rejects the healing.
You feel invigorated.
It was a potion of cancellation.
Your magical effects are unravelling.
You feel magically purged.
You feel less invigorated.
You feel less confused.
Your resistance to elements expires.
You start waiting.
Done waiting.
A yak comes into view.
The yak moves out of view.
A yak comes into view. x2
Assign waypoint to what number? (0-9)
Okay, then.
Okay, then.
Unknown command.
Are you sure you want to abandon this character and quit the game? (Confirm with "yes".)

....~~~~~#~.~##'.~#~~~#
....~~~~~~~#~#~~~~~~~~#
.....~~P~..~.~#~≈≈~#~~~#
..#..~#..##~~~#~≈≈~#~~~#
......~~#~..~~#~(~~~P~~#
....~.~~~#.~~#####.~.~#
..#...##~~#~~~8~~~~8~~.#
.....~##~~#⌠~~.~~~~~~~⌠#
.....~~@~~~#############
......~~~~#8~~~~ #
.....~##~~#~~~~~
...#.~#~~~# ~~~~ .....
~~~.# ~~~# ..... P~~~~
~~~ ..Y. ~#~~#~ ..Y.
.~#~~#~~


You could see 2 yaks.

Vanquished Creatures
  A merfolk avatar (Lair:5)
  3 hydras
  4 boulder beetles
  2 sea snakes (Lair:5)
  2 manticores (Lair:5)
  An orc knight (D:10)
  A merfolk siren (Lair:2)
  5 elephants
  5 black mambas
  13 cane toads
  6 gargoyles
  3 kobold demonologists (D:11)
  5 rime drakes
  10 komodo dragons
  2 trolls (D:11)
  2 wind drakes (Lair:5)
  Grinder (D:6)
  2 hornets (Lair:5)
  4 slime creatures (D:10)
  25 blink frogs
  2 snapping turtles (Lair:5)
  A centaur simulacrum (D:11)
  2 vampires
  3 wyverns
  A basilisk (Lair:5)
  39 yaks
  A redback (Lair:2)
  7 steam dragons
  Menkaure (D:6)
  Edmund (D:6)
  An acid dragon (D:11)
  14 water moccasins
  Duvessa (D:4)
  Pargi (Sewer)
  4 orc warriors
  5 sky beasts
  4 black bears
  3 ice beasts
  10 centaurs
  An ogre (D:5)
  10 wolves
  A kobold brigand (D:9)
  2 gnoll sergeants
  4 necrophages
  6 scorpions
  12 bullfrogs
  17 wights
  Dowan (D:4)
  8 howler monkeys
  8 wolf zombies (Bailey)
  7 vampire bats (Bailey)
  2 electric eels
  2 jellies
  6 orc priests
  A gnoll bouda (D:6)
  5 hounds
  4 iguanas
  9 orc wizards
  Robin (D:2)
  15 gnolls
  11 adders
  5 ufetubi
  A worm (D:2)
  3 dart slugs
  55 orcs
  11 ball pythons
  5 endoplasms
  3 giant cockroaches
  19 goblins
  9 hobgoblins
  2 jackals (D:5)
  A quokka (D:1)
  16 bats
  2 frilled lizards (D:1)
  12 kobolds
  19 orc zombies (Bailey)
  15 rats
509 creatures vanquished.

Vanquished Creatures (collateral kills)
  A cane toad (Lair:2)
  2 slime creatures (D:10)
  A shadow (D:9)
  4 yaks
  An ice beast (D:7)
  A howler monkey (D:7)
  A wolf zombie (Bailey)
11 creatures vanquished.

Vanquished Creatures (others)
  36 fungi
  90 plants
126 creatures vanquished.

Grand Total: 646 creatures vanquished

Notes
Turn   | Place    | Note
-------+----------+-------------------------------------------
     0 | D:1      | Psyclone the Octopode Ice Elementalist began the quest for
                  | the Orb.
     0 | D:1      | Reached XP level 1. HP: 11/11 MP: 3/3
   215 | D:1      | Reached XP level 2. HP: 17/17 MP: 1/5
   387 | D:1      | Identified 3 scrolls of acquirement
   387 | D:1      | Acquired the +1 hat of a bailey {Dex+4}
   393 | D:1      | Acquired a staff of cold
   395 | D:1      | Acquired a Young Poisoner's Handbook
   793 | D:1      | Found a faded altar of an unknown god.
   797 | D:1      | Reached XP level 3. HP: 18/21 MP: 4/6
   801 | D:1      | Learned a level 3 spell: Frozen Ramparts
  1062 | D:2      | Noticed Robin
  1187 | D:2      | Killed Robin
  1257 | D:2      | Reached XP level 4. HP: 19/27 MP: 4/8
  2340 | D:3      | Identified the +1 robe of Action {-Cast rF+ Str+7}
  2421 | D:3      | Found a burning altar of Makhleb.
  2645 | D:3      | Reached XP level 5. HP: 31/31 MP: 4/10
  3345 | D:3      | Learned a level 3 spell: Ozocubu's Armour
  3381 | D:4      | Reached skill level 5 in Ice Magic
  3409 | D:4      | Reached XP level 6. HP: 4/36 MP: 3/12
  3435 | D:4      | Found an opulent altar of Gozag.
  3446 | D:4      | Became a worshipper of Gozag Ym Sagoz the Greedy
  3610 | D:4      | Noticed Duvessa
  3611 | D:4      | Noticed Dowan
  3620 | D:4      | Killed Dowan
  3622 | D:4      | Killed Duvessa
  3623 | D:4      | Reached skill level 5 in Spellcasting
  3623 | D:4      | Reached XP level 7. HP: 26/41 MP: 3/15
  3823 | D:4      | Found a glowing drain.
  3828 | Sewer    | Entered a sewer
  3901 | Sewer    | Noticed Pargi
  3919 | Sewer    | Killed Pargi
  4147 | D:4      | Reached skill level 6 in Ice Magic
  4418 | D:5      | Entered Level 5 of the Dungeon
  4422 | D:5      | Noticed a yak
  4476 | D:5      | Reached XP level 8. HP: 23/46 MP: 6/18
  4549 | D:5      | Learned a level 2 spell: Poisonous Vapours
  4815 | D:5      | Found a blossoming altar of Fedhas.
  4928 | D:5      | Reached skill level 5 in Poison Magic
  4987 | D:5      | Killed a yak
  5030 | D:5      | Reached skill level 5 in Dodging
  5162 | D:5      | Reached XP level 9. HP: 51/51 MP: 17/19
  5358 | D:6      | Found a staircase to the Ecumenical Temple.
  5378 | D:6      | Noticed Edmund
  5387 | D:6      | Killed Edmund
  5437 | D:6      | Noticed Grinder
  5467 | D:6      | Paralysed by Grinder for 5 turns
  5497 | D:6      | Paralysed by Grinder for 3 turns
  5510 | D:6      | Paralysed by Grinder for 4 turns
  5514 | D:6      | Killed Grinder
  5648 | D:6      | Found a stormy altar of Qazlal.
  5742 | D:6      | Found a shadowy altar of Dithmenos.
  5789 | D:6      | Paralysed by an orc for 4 turns
  5801 | D:6      | Reached skill level 1 in Fighting
  6281 | D:6      | Noticed Menkaure
  6507 | D:6      | Found a basalt altar of Yredelemnul.
  6875 | D:6      | Reached skill level 5 in Fighting
  6875 | D:6      | Reached XP level 10. HP: 42/66 MP: 14/20
  6967 | D:6      | Learned a level 4 spell: Olgreb's Toxic Radiance
  6972 | D:6      | Learned a level 4 spell: Summon Ice Beast
  7043 | D:6      | Killed Menkaure
  7916 | D:7      | Upgraded the game from 0.30-a0-272-gf98c3da03f to
                  | 0.30-a0-279-g4b46babb21
  8420 | D:8      | Reached skill level 7 in Ice Magic
  9369 | D:9      | Reached XP level 11. HP: 77/77 MP: 11/22
  9711 | D:9      | Reached skill level 8 in Ice Magic
 10391 | D:9      | Found a shimmering altar of Xom.
 10457 | D:9      | Found a staircase to the Lair.
 10845 | D:8      | Bought the ring of the Voivode {rElec Will++ MP+9 EV+4
                  | Stlth-} for 1141 gold pieces
 11111 | D:9      | Found a glowing silver altar of Zin.
 11175 | D:10     | Entered Level 10 of the Dungeon
 11206 | D:10     | Reached skill level 9 in Ice Magic
 11241 | D:10     | Noticed an orc knight
 11250 | D:10     | Killed an orc knight
 11259 | D:10     | Found a staircase to the Orcish Mines.
 11261 | D:10     | Found Wugru's Weapon Emporium.
 11311 | D:10     | Noticed a boulder beetle
 11441 | D:10     | Found a flagged portal.
 11451 | Bailey   | Entered a bailey
 12195 | Bailey   | Reached skill level 10 in Ice Magic
 12270 | Bailey   | Reached XP level 12. HP: 53/82 MP: 25/25
 12840 | D:10     | Reached skill level 10 in Spellcasting
 12857 | D:10     | Found a hazy altar of Hepliaklqana.
 12954 | D:10     | Killed a boulder beetle
 13301 | D:11     | Noticed a boulder beetle
 13312 | D:11     | Killed a boulder beetle
 13578 | D:11     | Gained mutation: You are agile. (Dex +4, Str/Int -1)
                  | [potion of mutation]
 13578 | D:11     | Gained mutation: You do not regenerate when monsters are
                  | visible. [potion of mutation]
 13578 | D:11     | Gained mutation: You are very agile. (Dex +8, Str/Int -2)
                  | [potion of mutation]
 13772 | D:11     | Found an opulent altar of Gozag.
 13773 | D:11     | Noticed a boulder beetle
 13790 | D:11     | Killed a boulder beetle
 13791 | D:11     | Reached skill level 11 in Ice Magic
 13998 | D:11     | Gained mutation: You are robust. (+10% HP) [a neqoxec]
 14594 | Lair:1   | Entered Level 1 of the Lair of Beasts
 14840 | Lair:1   | Reached skill level 12 in Ice Magic
 15002 | Lair:1   | Reached XP level 13. HP: 69/96 MP: 28/28
 16247 | Lair:1   | Upgraded the game from 0.30-a0-279-g4b46babb21 to
                  | 0.30-a0-305-g026cb31310
 16513 | Lair:2   | Reached skill level 13 in Ice Magic
 16786 | Lair:2   | Found a hole to the Spider Nest.
 16856 | Lair:2   | Found a staircase to the Shoals.
 18201 | Lair:3   | Identified the +5 quarterstaff of the Eight Servitors
                  | {freeze, rElec rPois rF+}
 18722 | Lair:4   | Reached skill level 14 in Ice Magic
 18854 | Lair:4   | You are sucked into a shaft and drop 1 floor!
 18854 | Lair:5   | Entered Level 5 of the Lair of Beasts
 18893 | Lair:5   | HP: 2/96 [poisoned by a sea snake]
 18896 | Lair:5   | Reached XP level 14. HP: 11/103 MP: 23/31
 19186 | Lair:5   | Found a burning altar of Makhleb.
 19436 | Lair:5   | Lost mutation: You do not regenerate when monsters are
                  | visible. [potion of mutation]
 19436 | Lair:5   | Lost mutation: You are robust. (+10% HP) [potion of
                  | mutation]
 19436 | Lair:5   | Lost mutation: You are very agile. (Dex +8, Str/Int -2)
                  | [potion of mutation]
 19436 | Lair:5   | Gained mutation: You have hidden genetic potential. [potion
                  | of mutation]
 19436 | Lair:5   | Gained mutation: You are occasionally teleported next to
                  | monsters. [potion of mutation]
 19437 | Lair:5   | Lost mutation: You are agile. (Dex +4, Str/Int -1) [potion
                  | of mutation]
 19437 | Lair:5   | Lost mutation: You are occasionally teleported next to
                  | monsters. [potion of mutation]
 19437 | Lair:5   | Gained mutation: Potions are less effective at restoring
                  | your health. [potion of mutation]
 19437 | Lair:5   | Gained mutation: You expend magic power (3 MP) to
                  | strengthen your wands. [potion of mutation]
 19437 | Lair:5   | Gained mutation: Your mind is acute. (Int +4, Str/Dex -1)
                  | [potion of mutation]
 19438 | Lair:5   | Lost mutation: Your mind is acute. (Int +4, Str/Dex -1)
                  | [potion of mutation]
 19438 | Lair:5   | Lost mutation: You expend magic power (3 MP) to strengthen
                  | your wands. [potion of mutation]
 19438 | Lair:5   | Gained mutation: You are weak. (Str -2) [potion of
                  | mutation]
 20040 | Lair:5   | Reached skill level 15 in Ice Magic
 20769 | Lair:5   | Quit the game

Illustrated notes

Levels and vault maps discovered:
D:1:      minmay_arrival_nine_rooms, layout_rooms,
          dreamdust_ecumenical_altar_hidden_monk_grotto
D:2:      layout_loops_ring, minmay_strange_pillars, uniq_robin
D:3:      layout_basic, lightli_temple_of_fire
D:4:      layout_basic, mainiacjoe_overflow_cross_hatched, portal_sewer_entry_e,
          uniq_duvessa
D:5:      cheibrodos_fzero, layout_rooms, mainiacjoe_overflow_alcove_2
D:6:      layout_loops_cross, mainiacjoe_overflow_catch_the_wave,
          yredelemnul_altar_generic, minmay_temple_entry_gardened_gates,
          serial_aquarium, aquarium_bridge_square [aquarium_subvault_bridge,
          aquarium_subvault_window, aquarium_subvault_bridge,
          aquarium_subvault_bridge], aquarium_window_1, aquarium_window_corner,
          aquarium_window_corner, aquarium_view_2a, aquarium_balcony_1b,
          uniq_menkaure, uniq_grinder, uniq_edmund
D:7:      kennysheep_six_static_rooms, layout_basic
D:8:      layout_layer_cave
D:9:      cheibrodos_statue_roulette, layout_basic,
          mainiacjoe_overflow_small_starburst, nicolae_overflow_crystal_walls,
          david_lair_generic, kennysheep_doodads
D:10:     layout_rooms, mainiacjoe_overflow_alcove_1, orc_david_3,
          enter_bailey_3
D:11:     layout_stronghold, grunt_gozag_statues
Lair:1:   layout_small_grid, wad_woods_river_01, serial_bayou_shore_b,
          grunt_megastairs_5
Lair:2:   layout_gridlike, elwin_shoals_entry_rooms, spider_nest_entry_rubble,
          minivault_25
Lair:3:   layout_gridlike, beast_lair_carwin_11
Lair:4:   layout_loops_ring, serial_rivers, chequers_serial_rivers_small_b,
          chequers_serial_rivers_micro_b, chequers_serial_rivers_small_a,
          chequers_serial_rivers_small_3, chequers_serial_rivers_room_b,
          lemuel_fruit_fields
Lair:5:   gammafunk_lair_ancient_temple, layout_gridlike,
          minmay_slime_entry_pillars, basic_altar

Skill      XL: |  1  2  3  4  5  6  7  8  9 10 11 12 13 14 |
---------------+-------------------------------------------+-----
Stealth        | 3 |  3.2
Spellcasting   | 3 4 5 6 7 9 11 13 14 | 14.2
Ice Magic      | 5 6 7 10 12 14 15 | 15.1
Poison Magic   | 5 6 8 |  8.0
Dodging        | 5 8 |  8.0
Fighting       | 5 8 |  8.0

Action                   |  1- 3 |  4- 6 |  7- 9 | 10-12 | 13-15 || total
-------------------------+-------+-------+-------+-------+-------++-------
Melee: Unarmed           |     6 |       |       |       |       ||     6
       Tentacles         |     2 |    13 |    25 |   111 |    17 ||   168
       Staff             |     1 |    40 |   107 |   278 |       ||   426
       Constrict         |     1 |    18 |    23 |    65 |     6 ||   113
       Punch             |       |       |     3 |     8 |       ||    11
       Short sword       |       |       |       |   106 |    45 ||   151
 Cast: Freeze            |    45 |    10 |    35 |    64 |   253 ||   407
       Frozen Ramparts   |       |    30 |    47 |   101 |    66 ||   244
       Ozocubu's Armour  |       |     1 |    10 |    49 |    24 ||    84
       Poisonous Vapours |       |       |    29 |       |     4 ||    33
       Summon Ice Beast  |       |       |       |    15 |     1 ||    16
       Olgreb's Toxic Ra |       |       |       |    41 |    11 ||    52
Invok: Call Merchant     |       |       |       |     2 |     1 ||     3
Evoke: Wand              |       |       |       |    10 |       ||    10
  Use: Scroll            |     3 |       |     1 |    13 |     5 ||    22
       Potion            |       |       |     3 |     6 |    12 ||    21
 Stab: Sleeping          |       |     8 |     1 |     2 |     3 ||    14
       Distracted        |       |     1 |       |     8 |       ||     9
Armor: Skin              |     6 |     9 |    58 |   104 |    61 ||   238
Dodge: Dodged            |    25 |    47 |   155 |   700 |   444 ||  1371

Table legend: (Time is in decaauts)
 A = Elapsed time spent in this place.
 B = Non-inter-level travel time spent in this place.
 C = Inter-level travel time spent in this place.
 D = Time resting spent in this place.
 E = Time spent auto-exploring this place.
 F = Levels seen in this place.
 G = Mean time per level.
                   A        B        C        D        E       F      G
               +--------+--------+--------+--------+--------+-----+--------+
         Total |  20854 |  20218 |    636 |   3525 |  11291 |  18 | 1158.6 |
       Dungeon |  13152 |  12557 |    595 |   1991 |   7233 |  11 | 1195.6 |
          Lair |   6176 |   6135 |     41 |    880 |   3930 |   5 | 1235.2 |
         Sewer |    168 |    168 |      0 |     17 |     37 |   1 |  168.0 |
        Bailey |   1357 |   1357 |      0 |    637 |     91 |   1 | 1357.0 |
               +--------+--------+--------+--------+--------+-----+--------+

Top non-repeatable levels by time:
  Lair:5: 1918 daAuts
     D:9: 1883 daAuts
     D:6: 1740 daAuts
  Lair:1: 1673 daAuts
  Bailey: 1357 daAuts
     D:8: 1323 daAuts
    D:11: 1265 daAuts
     D:1: 1212 daAuts
  Lair:3: 1208 daAuts
     D:3: 1086 daAuts
     D:2: 1063 daAuts
     D:7: 995 daAuts
     D:5: 943 daAuts
     D:4: 900 daAuts
  Lair:2: 898 daAuts
